 Dungeon Crawl Stone Soup version 0.32-a0-995-gb4a5920 (webtiles) character file.

Game seed: 6156454568549958283

130881 kasel the Metamorph (level 16, -7/149 HPs)
             Began as a Pale Draconian Shapeshifter on Apr 22, 2024.
             Was an Initiate of Gozag.
             Mangled by a spark wasp (12 damage)
             ... on level 1 of the Spider Nest.
             The game lasted 00:46:26 (32787 turns).

kasel the Metamorph (Pale Draconian Shapeshifter)  Turns: 32787, Time: 00:46:26

Health: -7/149     AC: 17    Str: 17    XL:     16   Next: 54%
Magic:  0/26       EV: 18    Int: 19    God:    Gozag
Gold:   2793       SH:  7    Dex: 17    Spells: 15/15 levels left

rFire   . .          .
                       - Unarmed
rCold   + + .        V - +3 buckler
rNeg    + . .        (body armour unavailable)
rPois   +            z - +3 hat of Pondering {ponderous, Will+ MP+10 Int+5}
rElec   .            (no cloak)
rCorr   .            A - +1 pair of gloves of Indestructible Liberty {Stlth+}
SInv    +            i - +2 pair of boots
Will    +++..        j - amulet "Caimao" {Spirit rC+ Int+2 Slay+3}
Stlth   ++++         S - ring "Jaifaop" {rC+ rN+ Will+ Dex+2 SInv}
HPRegen 0.44/turn    q - ring of poison resistance
MPRegen 0.20/turn

%: guardian spirit
@: about to teleport, maw-form, studying Evocations, slow
A: devouring maw, steam breath, AC +9, unfitting armour, cold-blooded, steam
resistance, clumsy 1
a: Steam Breath, Begin Untransformation, Renounce Religion, Potion Petition,
Call Merchant, Bribe Branch


You were on level 1 of the Spider Nest.
You worshipped Gozag.
Gozag was most pleased with you.
You were a creature with a mouth for a stomach.
You visited 5 branches of the dungeon, and saw 24 of its levels.
You visited the Abyss 1 time.
You also visited: Sewer, Bailey and Gauntlet.

You collected 8585 gold pieces.
You spent 2519 gold pieces at shops.
You paid 3273 gold pieces to Gozag.

Inventory:

Missiles
 d - 22 poisoned darts
 s - 10 curare-tipped darts
 y - a throwing net
Armour
 i - a +2 pair of boots (worn)
 z - the +3 hat of Pondering (worn) {ponderous, Will+ MP+10 Int+5}
   (You took it off Gastronok on level 10 of the Dungeon)

   Int+5:     It affects your intelligence (+5).
   Will+:     It increases your willpower.
   MP+10:     It affects your magic capacity (+10).
 A - the +1 pair of gloves of Indestructible Liberty (worn) {Stlth+}
   (You found it in a Gauntlet)

   Stlth+:    It makes you more stealthy.
 V - a +3 buckler (worn)
Jewellery
 e - the ring of Untruth {rF+ rC+ rCorr Str+5}
   (You bought it in a shop on level 15 of the Dungeon)

   [ring of protection from cold]

   Str+5:     It affects your strength (+5).
   rF+:       It protects you from fire.
   rC+:       It protects you from cold.
   rCorr:     It protects you from acid and corrosion.
 j - the amulet "Caimao" (around neck) {Spirit rC+ Int+2 Slay+3}
   (You bought it in a shop on level 15 of the Dungeon)

   [amulet of guardian spirit]

   Spirit:    It causes incoming damage to be divided between your reserves of
   health and magic.
   Int+2:     It affects your intelligence (+2).
   Slay+3:    It affects your accuracy & damage with ranged weapons and melee
   (+3).
   rC+:       It protects you from cold.
 q - a ring of poison resistance (right hand)
 w - a ring of resist corrosion
 S - the ring "Jaifaop" (left hand) {rC+ rN+ Will+ Dex+2 SInv}
   (You found it on level 4 of the Lair of Beasts)

   [ring of see invisible]

   Dex+2:     It affects your dexterity (+2).
   rC+:       It protects you from cold.
   rN+:       It protects you from negative energy.
   Will+:     It increases your willpower.
   SInv:      It lets you see invisible.
Talismans
 N - a maw talisman (active)
Wands
 b - a wand of mindburst (30)
 g - a wand of roots (7)
 G - a wand of flame (18)
 K - a wand of quicksilver (7)
Scrolls
 f - 2 scrolls of fog
 m - 3 scrolls of revelation
 x - 4 scrolls of enchant armour
Potions
 h - 2 potions of haste
 n - 2 potions of might
 o - 2 potions of invisibility
 p - 9 potions of curing
 r - 3 potions of lignification
 t - 2 potions of mutation
 v - 3 potions of magic
 I - 2 potions of cancellation
 M - 4 potions of attraction
 P - 8 potions of ambrosia
 X - 2 potions of enlightenment
Miscellaneous
 B - a tin of tremorstones (1/2)
 C - a box of beasts (inert)
 D - a phantom mirror
 Z - a lightning rod (4/4)


   Skills:
 - Level 15.0 Fighting
 - Level 13.0 Dodging
 - Level 4.0 Stealth
 - Level 14.0 Unarmed Combat
 + Level 14.0 Evocations
 + Level 15.1 Shapeshifting


You had 15 spell levels left.
You didn't know any spells.
Your spell library contained the following spells:

 Spells                   Type           Power      Damage    Failure   Level
 Foxfire                  Conj/Fire      0%         2x1d4     26%         1
 Mercury Vapours          Alch/Air       0%         N/A       38%         2
 Inner Flame              Hex/Fire       0%         N/A       63%         3
 Mephitic Cloud           Conj/Alch/Air  0%         N/A       63%         3
 Stone Arrow              Conj/Erth      0%         3d7       63%         3
 Summon Ice Beast         Ice/Summ       0%         N/A       63%         3
 Tukima's Dance           Hex            0%         N/A       63%         3
 Volatile Blastmotes      Fire/Tloc      0%         2d10      63%         3
 Fulminant Prism          Conj/Alch      0%         3d5       95%         4
 Iskenderun's Mystic Bla Conj/Tloc 0%             2d3        (+2d1     95%         4
 Leda's Liquefaction      Alch/Erth      0%         N/A       95%         4
 Passage of Golubria      Tloc           0%         N/A       95%         4
 Petrify                  Alch/Erth      0%         N/A       95%         4
 Vhi's Electric Charge    Tloc/Air       0%         N/A       95%         4
 Alistair's Intoxication  Alch           0%         N/A       100%        5
 Borgnjor's Vile Clutch   Necr/Erth      0%         N/A       100%        5
 Freezing Cloud           Conj/Ice/Air   0%         6-21      100%        5
 Irradiate                Conj/Alch      0%         3d11      100%        5
 Lee's Rapid Deconstruct  Erth           0%         3d4*      100%        5
 Summon Mana Viper        Hex/Summ       0%         N/A       100%        5
 Yara's Violent Unravell  Hex/Alch       0%         3d3       100%        5
 Eringya's Noxious Bog    Alch           0%         4d6       100%        6
 Gell's Gavotte           Tloc           0%         2d(11-16) 100%        6
 Permafrost Eruption      Ice/Erth       0%         2x4d1     100%        6
 Plasma Beam              Fire/Air       0%         2x1d10    100%        6
 Starburst                Conj/Fire      0%         6d3       100%        6
 Monstrous Menagerie      Summ           0%         N/A       100%        7
 Seismic Cannonade        Alch/Erth      0%         6d4       100%        7
 Fulsome Fusillade        Conj/Alch      0%         (3-5)d4   100%        8
 Ignition                 Fire           0%         3d3       100%        8
 Lehudib's Crystal Spear  Conj/Erth      0%         10d2      100%        8
 Animate Armour           Summ/Erth      Unusable   N/A       N/A         4

Dungeon Overview and Level Annotations

Branches:
Dungeon (15/15)            Temple (1/1) D:5            Lair (5/5) D:8
 Spider (1/4) Lair:3        Slime (0/5) Lair:5          Orc (2/2) D:10
    Elf (0/3) Orc:2        Vaults (0/5) D:14         Depths (0/4) D:15
  Sewer (visited)          Bailey (visited)         Gauntlet (visited)
  Swamp: Lair:2-3    Shoals: Lair:2-3

Altars:
Ashenzari
Cheibriados
Dithmenos
Elyvilon
Fedhas
Gozag
Hepliaklqana
Kikubaaqudgha
Makhleb
Nemelex Xobeh
Okawaru
Qazlal
Ru
Sif Muna
Trog
Uskayaw
Vehumet
Wu Jian
Xom
Yredelemnul
Zin
The Shining One
Lugonu

Shops:
D:13 (   D:15 [===   Orc:2 :?[*

Portals:
Abyss: Lair:5
Pandemonium: Orc:2

Annotations:
D:6 1 runed translucent door, Crazy Yiuf
D:9 2 transporters, Grum


Innate Abilities, Weirdness & Mutations

You are a creature with a mouth for a stomach.
Your midsection houses a second, enormous mouth.
You can breathe blasts of scalding, opaque steam.
Your pale cyan-grey scales are hard. (AC +9)
You cannot fit into any form of body armour.
You are cold-blooded and may be slowed by cold attacks.
You are immune to the effects of steam.
You are clumsy. (Dex -2)


Message History

You are too injured to fight recklessly!
You are too injured to fight recklessly!
You are too injured to fight recklessly!
You are too injured to fight recklessly!
You are too injured to fight recklessly!
You are too injured to fight recklessly!
You are too injured to fight recklessly!
You are too injured to fight recklessly!
You are too injured to fight recklessly!
You are too injured to fight recklessly!
You are too injured to fight recklessly!
You barely miss the orb spider.
The orb spider is lightly wounded.
The spark wasp stings you. The spark wasp shocks you!
The boulder beetle hits you!!!
* * * LOW HITPOINT WARNING * * *
The boulder beetle stops rolling and uncurls.
You hear a faint skittering sound.
You feel much better. You block the spark wasp's attack. x2
The boulder beetle bites you!
* * * LOW HITPOINT WARNING * * *
Unknown command.
Unknown command.
You open the lid... ...and a mature stingox beast leaps out!
The box is emptied!
The spark wasp stings you but does no damage.
An orb spider comes into view.
You block the boulder beetle's attack.
Unknown command.
Unknown command.
Okay, then.
Okay, then.
Okay, then.
As you read the scroll of teleportation, it crumbles to dust.
You feel strangely unstable. The spark wasp stings you!
* * * LOW HITPOINT WARNING * * *
The spark wasp shocks you!
You die...
Your body crumbles into a pile of gold.

.... #. ... ..... ###
..# .....#####.### ..#
#...#s......s## .##
#...#.......W.#
..###........$$.yB#
...##............H##.
...#^.##...........○..
.....# ##....$....#.B.
.....# ##............°.
.....###........###...°
...........#...## ....
..#.###........# ..


You could see a boulder beetle (ally target), a spark wasp, 2 orb spiders and a
friendly mature stingox beast (summoned).

Vanquished Creatures
  Gastronok (D:10)
  Frances (D:12)
  A tentacled starspawn (Abyss:2)
  A frost giant (D:14)
  2 orc warlords
  A minotaur (Gauntlet)
  A dire elephant (D:15)
  Josephine (D:10)
  A catoblepas (Lair:2)
  2 ogre magi (D:15)
  A death knight (D:15)
  2 hydras
  Erica (D:8)
  A radroach (Spider:1)
  7 death yaks
  5 centaur warriors
  7 boulder beetles
  12 two-headed ogres
  A tengu warrior (D:13)
  2 demonic crawlers (Spider:1)
  Urug (D:9)
  3 thrashing horrors (Lair:5)
  Sonja (Orc:1)
  6 orc high priests
  13 skeletal warriors
  A sun demon (Orc:2)
  A sixfirhy (Abyss:2)
  A pharaoh ant (Spider:1)
  2 skysharks
  A death drake (Abyss:2)
  An orb spider (Lair:3)
  3 arcanists
  A salamander mystic (D:15)
  A necromancer (Gauntlet)
  2 deep elf pyromancers
  4 starcursed masses (Abyss:2)
  3 wolf spiders
  4 orc knights
  10 orc sorcerers
  23 ugly things
  4 cyclopes
  2 manticores
  Joseph (D:8)
  3 large abominations
  A kobold blastminer (Orc:2)
  9 centaur zombies (D:13)
  7 slime creatures
  8 elephants
  7 black mambas
  3 smoke demons
  A gargoyle (D:12)
  8 cane toads
  12 komodo dragons
  Psyche (D:12)
  An unseen horror (D:10)
  2 rime drakes
  A kobold demonologist (D:14)
  An ice devil (Gauntlet)
  A redback zombie (D:13)
  2 efreet
  A tengu conjurer (D:13)
  2 polar bears
  2 ancient zymes (Abyss:2)
  2 hornets
  6 trolls
  A queen bee (Lair:3)
  A polar bear (shapeshifter) (D:14)
  33 blink frogs
  2 jumping spiders (Spider:1)
  A raiju (Lair:5)
  A meliai zombie (D:13)
  5 vampires
  2 culicivoras (Spider:1)
  A spriggan (Lair:5)
  3 shadows
  8 wraiths
  3 ynoxinuls
  5 wyverns
  A fire bat (shapeshifter) (D:13)
  46 yaks
  6 vampire mosquitoes
  8 basilisks
  2 steam dragons
  8 redbacks (Spider:1)
  A neqoxec (Orc:2)
  4 wargs
  10 small abominations (Lair:5)
  Menkaure (D:6)
  3 chaos spawn (Lair:5)
  A swamp worm (Lair:2)
  An acid dragon (D:10)
  12 water moccasins
  Duvessa (D:6)
  43 orc warriors
  A hornet zombie (D:13)
  6 laughing skulls (Abyss:2)
  3 ice beasts
  A crocodile (shapeshifter) (D:15)
  3 black bears
  A sky beast (D:8)
  6 ogres
  17 centaurs
  3 kobold brigands
  A phantom (D:6)
  A brain worm (Sewer)
  19 bullfrogs
  2 scorpions (D:5)
  2 gnoll sergeants
  Dowan (D:6)
  18 killer bees (Lair:3)
  A bombardier beetle (D:3)
  3 howler monkeys (D:7)
  3 hounds
  A jelly (D:7)
  31 orc priests
  2 sleepcaps (D:5)
  3 iguanas
  19 orc wizards
  2 boggart zombies (D:13)
  4 hell rats (Lair:3)
  11 adders
  12 gnolls
  4 river rats
  2 shadow imps (Gauntlet)
  4 white imps
  2 ufetubi (D:5)
  5 dart slugs
  4 ribbon worms
  110 orcs
  11 ball pythons
  8 endoplasms
  5 giant cockroaches
  8 goblins
  8 hobgoblins
  2 jackals (Sewer)
  24 kobolds
  5 quokkas
  13 bats
  4 frilled lizards
  10 rats
841 creatures vanquished.

Vanquished Creatures (collateral kills)
  A deep elf pyromancer (D:11)
  A slime creature (D:14)
  A basilisk (D:14)
  A vampire mosquito (D:14)
  2 centaurs (D:14)
  A killer bee (Lair:3)
  A howler monkey (D:14)
8 creatures vanquished.

Vanquished Creatures (others)
  An orc (D:10)
  2 starspawn tentacles (Abyss:2)
3 creatures vanquished.

Grand Total: 852 creatures vanquished

Notes
Turn   | Place    | Note
-------+----------+-------------------------------------------
     0 | D:1      | kasel the Draconian Shapeshifter began the quest for the
                  | Orb.
     0 | D:1      | Reached XP level 1. HP: 16/16 MP: 1/1
   105 | D:1      | Reached skill level 1 in Stealth
   136 | D:1      | Reached XP level 2. HP: 16/23 MP: 2/2
   259 | D:1      | HP: 1/23 [hobgoblin (3)]
   325 | D:1      | Reached XP level 3. HP: 16/28 MP: 3/3
   806 | D:2      | Reached XP level 4. HP: 35/35 MP: 4/4
  1077 | D:2      | You fall into a shaft and drop 1 floor!
  1361 | D:3      | Found a hazy altar of Hepliaklqana.
  1553 | D:3      | Reached skill level 5 in Shapeshifting
  1566 | D:3      | Reached XP level 5. HP: 39/40 MP: 5/5
  1681 | D:3      | Found a bloodstained altar of Trog.
  1805 | D:4      | Found a sacrificial altar of Ru.
  1839 | D:4      | Found a broken altar of Ashenzari.
  2235 | D:4      | Found a glowing silver altar of Zin.
  2557 | D:4      | Found a sand-covered staircase.
  2734 | D:5      | Entered Level 5 of the Dungeon
  3021 | D:5      | Reached XP level 6. HP: 45/47 MP: 6/6
  3462 | D:5      | Noticed an ice beast
  3466 | D:5      | Killed an ice beast
  3467 | D:5      | Your scales start taking on a pale cyan-grey colour.
  3467 | D:5      | Reached XP level 7. HP: 56/56 MP: 7/7
  3467 | D:5      | Gained mutation: You are immune to the effects of steam.
                  | [Pale Draconian growth]
  3589 | D:5      | Reached skill level 5 in Fighting
  4022 | D:5      | Found a staircase to the Ecumenical Temple.
  4031 | Temple   | Entered the Ecumenical Temple
  4035 | Temple   | Became a worshipper of Gozag Ym Sagoz the Greedy
  4102 | D:6      | Noticed Menkaure
  4109 | D:6      | Killed Menkaure
  4212 | D:6      | Noticed Dowan
  4212 | D:6      | Noticed Duvessa
  4227 | D:6      | Killed Duvessa
  4228 | D:6      | Reached XP level 8. HP: 31/70 MP: 8/8
  4232 | D:6      | Killed Dowan
  4606 | D:6      | Reached skill level 5 in Unarmed Combat
  4728 | D:6      | Found a glowing drain.
  4735 | Sewer    | Entered a sewer
  5413 | D:6      | Found a blossoming altar of Fedhas.
  5414 | D:6      | Found a basalt altar of Yredelemnul.
  5414 | D:6      | Found a shimmering blue altar of Sif Muna.
  5616 | D:6      | Found a runed translucent door.
  5617 | D:6      | Noticed Crazy Yiuf
  5868 | D:6      | Reached skill level 5 in Dodging
  6142 | D:7      | Reached XP level 9. HP: 74/75 MP: 9/9
  6893 | D:8      | Noticed Joseph
  6916 | D:8      | Killed Joseph
  7044 | D:8      | Found a staircase to the Lair.
  7373 | D:8      | Noticed Erica
  7386 | D:8      | Killed Erica
  7387 | D:8      | Reached XP level 10. HP: 88/88 MP: 10/10
  7766 | D:8      | Noticed a deep elf pyromancer
  7789 | D:8      | Killed a deep elf pyromancer
  8104 | D:9      | Noticed Grum
  8105 | D:9      | Noticed a purple ugly thing
  8105 | D:9      | Noticed a red ugly thing
  8107 | D:9      | Found a corrupted altar of Lugonu.
  8159 | D:9      | Found a flagged portal.
  8177 | Bailey   | Entered a bailey
  9448 | D:9      | Found a transporter.
  9456 | D:9      | Found a transporter.
 10031 | D:10     | Entered Level 10 of the Dungeon
 10031 | D:10     | Noticed Urug
 10031 | D:10     | Noticed a two-headed ogre
 10054 | D:9      | Killed Urug
 10343 | D:10     | Reached XP level 11. HP: 99/99 MP: 11/11
 10374 | D:10     | Reached skill level 10 in Fighting
 10485 | D:10     | Noticed a two-headed ogre
 10495 | D:10     | Killed a two-headed ogre
 10603 | D:10     | Found a burning altar of Makhleb.
 10603 | D:10     | Noticed an Executioner
 10645 | D:10     | Killed a two-headed ogre
 10671 | D:10     | Noticed Gastronok
 10680 | D:10     | Reached skill level 10 in Unarmed Combat
 10697 | D:10     | HP: 1/101 [Gastronok/the air (24)]
 10705 | D:10     | Killed Gastronok
 10976 | D:10     | Found a staircase to the Orcish Mines.
 11424 | D:10     | Noticed Josephine
 11446 | D:10     | Killed Josephine
 11447 | D:10     | Reached skill level 10 in Dodging
 11606 | D:10     | Found a white marble altar of Elyvilon.
 11632 | Orc:1    | Entered Level 1 of the Orcish Mines
 11634 | Orc:1    | Noticed an orc sorcerer
 11808 | Orc:1    | Killed an orc sorcerer
 11826 | Orc:1    | Noticed an orc warlord
 11826 | Orc:1    | Noticed an orc sorcerer
 11826 | Orc:1    | Noticed an orc sorcerer
 11828 | Orc:1    | Noticed a soul eater
 11835 | Orc:1    | Paralysed by an orc sorcerer for 3 turns
 11905 | Orc:1    | Noticed a sun demon
 12076 | D:10     | Killed an orc sorcerer
 12426 | D:10     | Killed an orc sorcerer
 12427 | D:10     | Reached XP level 12. HP: 93/111 MP: 12/12
 12513 | D:10     | Killed an orc warlord
 12974 | Orc:1    | Noticed an orc high priest
 12989 | Orc:1    | Killed an orc high priest
 13517 | Orc:2    | Entered Level 2 of the Orcish Mines
 13523 | Orc:2    | Noticed an orc warlord
 13747 | Orc:2    | Noticed Sonja
 13771 | Orc:1    | Killed Sonja
 13864 | Orc:1    | Killed an orc warlord
 14196 | Orc:2    | Found a staircase to the Elven Halls.
 14736 | Orc:2    | Found Goowex's General Store.
 14748 | Orc:2    | Found Jegrek's Magic Scroll Shop.
 15291 | Orc:2    | Gained mutation: You are clumsy. (Dex -2) [a neqoxec]
 15805 | Orc:2    | Bought a potion of heal wounds for 60 gold pieces
 15805 | Orc:2    | Bought a scroll of fog for 48 gold pieces
 15819 | Orc:2    | Noticed an orc high priest
 15859 | Orc:2    | Killed an orc high priest
 16183 | Orc:2    | Noticed an orc high priest
 16195 | Orc:2    | Killed an orc high priest
 16196 | Orc:2    | Reached XP level 13. HP: 111/122 MP: 13/13
 16399 | Orc:2    | Paralysed by an orc sorcerer for 3 turns
 16602 | Orc:2    | Found Murph's Antique Armour Shoppe.
 16602 | Orc:2    | Found Ukhlosax's Book Emporium.
 16602 | Orc:2    | Found a one-way gate leading to the halls of Pandemonium.
 16802 | Lair:1   | Entered Level 1 of the Lair of Beasts
 16923 | Orc:2    | Bought a scroll of revelation for 105 gold pieces
 16923 | Orc:2    | Bought a scroll of revelation for 105 gold pieces
 17098 | Lair:1   | Found a gate leading to a gauntlet.
 17113 | Gauntlet | Entered a Gauntlet
 17113 | Gauntlet | Found a runed translucent door.
 17113 | Gauntlet | Found a transporter.
 17113 | Gauntlet | Found a runed translucent door.
 17113 | Gauntlet | Found a transporter.
 17151 | Gauntlet | Found a transporter.
 17154 | Gauntlet | Found a transporter.
 17166 | Gauntlet | Found a transporter.
 17170 | Gauntlet | Found a transporter.
 17174 | Gauntlet | Found a transporter.
 17191 | Gauntlet | Found a transporter.
 17205 | Gauntlet | Found a transporter.
 17209 | Gauntlet | Found a transporter.
 17217 | Gauntlet | Found a transporter.
 17221 | Gauntlet | Found a transporter.
 17474 | Gauntlet | Identified the +1 pair of gloves of Indestructible Liberty
                  | {Stlth+}
 17511 | Gauntlet | Noticed a minotaur
 17529 | Gauntlet | Killed a minotaur
 19705 | Lair:3   | Reached XP level 14. HP: 77/133 MP: 14/14
 19906 | Lair:3   | Reached skill level 15 in Fighting
 20693 | Lair:3   | Found a hole to the Spider Nest.
 21475 | Lair:4   | Identified the ring "Jaifaop" {rC+ rN+ Will+ Dex+2 SInv}
 21953 | Lair:5   | Entered Level 5 of the Lair of Beasts
 21972 | Lair:5   | Found a staircase to the Slime Pits.
 22109 | Lair:5   | Reached skill level 10 in Shapeshifting
 22224 | Lair:5   | Identified the +8 sling of Ruunwak {drain, rC- rN+ Str-3
                  | Int+4}
 22287 | Lair:5   | Reached skill level 1 in Evocations
 23378 | Abyss:2  | Cast into level 2 of the Abyss (spriggan)
 23608 | Abyss:2  | Noticed a tentacled starspawn
 23624 | Abyss:2  | HP: 6/131 [constriction[a tentacled starspawn] (2)]
 23629 | Abyss:2  | Killed a tentacled starspawn
 23634 | Lair:5   | Escaped the Abyss
 23890 | Lair:5   | Reached skill level 5 in Evocations
 23955 | Lair:5   | Reached XP level 15. HP: 78/141 MP: 15/15
 24431 | Lair:5   | Found a corrupted altar of Lugonu.
 24431 | Lair:5   | Found a one-way gate to the infinite horrors of the Abyss.
 25174 | D:11     | Identified the +7 morningstar of Eternal Harmony {venom,
                  | ^Fragile rElec Int+5 Dex-4}
 25632 | D:11     | HP: 5/141 [skeletal warrior/+0 hand axe (3)]
 26079 | D:12     | Noticed Psyche
 26087 | D:12     | Killed Psyche
 26515 | D:12     | Found the +9 sword of Zonguldrok {reap}
 26532 | D:12     | Noticed Frances
 26543 | D:12     | Killed Frances
 27584 | D:13     | Reached skill level 10 in Evocations
 28430 | D:13     | Found Vyany's Antique Weapon Boutique.
 28892 | D:14     | Noticed a frost giant
 28904 | D:14     | Killed a frost giant
 29504 | D:14     | Found a broken altar of Ashenzari.
 29610 | D:14     | Found a gate to the Vaults.
 29783 | D:15     | Entered Level 15 of the Dungeon
 29998 | D:15     | Reached XP level 16. HP: 136/149 MP: 16/16
 31792 | D:15     | Found a staircase to the Depths.
 31820 | D:15     | Bought the ring of Untruth {rF+ rC+ rCorr Str+5} for 1046
                  | gold pieces
 31820 | D:15     | Bought the amulet "Caimao" {Spirit rC+ Int+2 Slay+3} for
                  | 1155 gold pieces
 32207 | Spider:1 | Entered Level 1 of the Spider Nest
 32364 | Spider:1 | Reached skill level 15 in Shapeshifting
 32787 | Spider:1 | HP: 5/149 [spark wasp (12)]
 32787 | Spider:1 | Mangled by a spark wasp

Illustrated notes

Levels and vault maps discovered:
D:1:      scummos_arrival_checkerplants, layout_basic, minmay_heptomino_h4
D:2:      layout_basic
D:3:      layout_rooms, old_standard_altar, mainiacjoe_overflow_tiny_flanked
D:4:      layout_loops_corners, mainiacjoe_overflow_chevrons,
          mainiacjoe_overflow_24_doors, lemuel_round_altar, enter_ossuary_5
D:5:      layout_cave_pods, temple_hall, nicolae_eternal_life,
          eino_small_chamber_without_monster
D:6:      layout_loops_corners, gammafunk_temple_overflow_forgotten,
          lightli_sewer_entry_pipes, nicolae_titane, uniq_menkaure,
          uniq_crazy_yiuf_cottage, uniq_duvessa
D:7:      layout_loops_ring, hangedman_decor_slide_cut,
          nicolae_elevator_lobby_plus
D:8:      layout_loops_ring, dpeg_oklobed_lair, serial_park_tiny_pond,
          hangedman_abyss_or_decor_slice, guppyfry_early_elven_hall, uniq_erica,
          uniq_joseph
D:9:      gammafunk_corrupted_shrine, layout_loops_ring, enter_bailey_7,
          chequers_serial_rivers_micro_c, uniq_grum
D:10:     layout_loops_ring, mainiacjoe_overflow_alcove_1,
          makhleb_altar_promises_db, erik_orc_4, grunt_ministairs_9, uniq_urug,
          uniq_josephine, uniq_gastronok
D:11:     layout_basic, minmay_misc_feat_columns
D:12:     layout_rooms, uniq_frances, uniq_psyche
D:13:     layout_roguey, serial_undead, serial_undead_b, serial_undead_b,
          serial_undead_d, serial_undead_b, serial_undead_e, serial_undead_a,
          serial_undead_c, serial_undead_b, serial_undead_a, serial_undead_f,
          serial_shops, shop
D:14:     layout_big_octagon, hellmonk_vaults_attempted_burglary,
          minmay_misc_feat_more_columns, ashenzari_altar_1
D:15:     hangedman_depths_entry_try_elsewhere_first, layout_loops_cross
Temple:   nicolae_temple_x_marks_the_god
Lair:1:   layout_gridlike, gauntlet_entry_generic
Lair:2:   layout_roguey, palyth_hydra_swamp_entry, lemuel_fruit_fields,
          infiniplex_staircase_pool
Lair:3:   layout_loops_ring, nicolae_spider_entry_orb_guardian, special_room
          [special_room_bee], columned_hall_lemuel, nzn_sisyphean_effort,
          lemuel_fruit_tree
Lair:4:   layout_regular_city, lemuel_fruit_fields
Lair:5:   hellmonk_lair_end_abyssal_woods, layout_loops_ring, slime_entry_1
Spider:1: layout_chambers, hellmonk_spider_spawner, uniq_roxanne
Orc:1:    layout_caves, lightli_orcish_oven
Orc:2:    pf_orc_diabolical, layout_caves, uniq_sonja

Skill      XL: |  1  2  3  4  5  6  7  8  9 10 11 12 13 14 15 16 |
---------------+-------------------------------------------------+-----
Stealth        | 1 4 |  4.0
Shapeshifting  | 4 5 6 7 11 14 15 | 15.1
Fighting       | 2 6 8 9 11 13 14 15 | 15.0
Unarmed Combat | 4 6 7 9 10 12 13 14 | 14.0
Dodging        | 5 7 8 10 11 12 13 | 13.0
Evocations     | 5 10 14 | 14.0

Action                     |  1- 3 |  4- 6 |  7- 9 | 10-12 | 13-15 | 16-18 || total
---------------------------+-------+-------+-------+-------+-------+-------++-------
  Melee: Unarmed           |   109 |   165 |   455 |   814 |  1550 |   275 ||  3368
         Punch             |     4 |     6 |       |     1 |    38 |       ||    49
         Tailslap          |    10 |    19 |    77 |   187 |   353 |    58 ||   704
         Maw               |       |       |       |       |   383 |   127 ||   510
 Invoke: Call Merchant     |       |       |       |       |       |     4 ||     4
Ability: Steam Breath      |       |       |     2 |    16 |     9 |     2 ||    29
  Evoke: Wand              |       |       |     5 |    10 |     2 |       ||    17
         Tin of tremorston |       |       |       |       |     2 |     2 ||     4
         Box of beasts     |       |       |       |       |     3 |     1 ||     4
         Lightning rod     |       |       |       |       |       |     3 ||     3
    Use: Potion            |     1 |       |       |     8 |     8 |     2 ||    19
         Scroll            |       |    11 |    10 |     5 |     5 |     4 ||    35
   Stab: Sleeping          |     3 |     4 |       |       |     5 |     5 ||    17
         Distracted        |       |       |     1 |     6 |    12 |     1 ||    20
 Armour: Skin              |    67 |    79 |   156 |   424 |   767 |   192 ||  1685
  Dodge: Dodged            |    56 |    66 |   272 |   788 |  1058 |   184 ||  2424
  Block: Other             |     7 |    27 |    80 |   189 |   105 |       ||   408
         Reflection        |     1 |       |     2 |    10 |       |       ||    13
         Buckler           |       |       |       |       |    79 |    65 ||   144
   Form: Flux              |       |     1 |       |       |       |       ||     1
         Maw               |       |       |       |       |     1 |       ||     1

Table legend: (Time is in decaauts)
 A = Elapsed time spent in this place.
 B = Non-inter-level travel time spent in this place.
 C = Inter-level travel time spent in this place.
 D = Time resting spent in this place.
 E = Time spent auto-exploring this place.
 F = Levels seen in this place.
 G = Mean time per level.
                   A        B        C        D        E       F      G
               +--------+--------+--------+--------+--------+-----+--------+
         Total |  33369 |  31544 |   1825 |   3124 |  22292 |  28 | 1191.8 |
       Dungeon |  18516 |  17461 |   1055 |   1718 |  12819 |  15 | 1234.4 |
        Temple |      8 |      4 |      4 |      0 |      0 |   1 |    8.0 |
          Lair |   7305 |   6910 |    395 |    348 |   5232 |   5 | 1461.0 |
   Spider Nest |    566 |    566 |      0 |    130 |    324 |   1 |  566.0 |
  Orcish Mines |   4287 |   3918 |    369 |    859 |   2265 |   2 | 2143.5 |
         Abyss |    246 |    246 |      0 |      3 |    148 |   1 |  246.0 |
         Sewer |    789 |    789 |      0 |      0 |    572 |   1 |  789.0 |
        Bailey |   1171 |   1171 |      0 |     66 |    589 |   1 | 1171.0 |
      Gauntlet |    476 |    476 |      0 |      0 |    340 |   1 |  476.0 |
               +--------+--------+--------+--------+--------+-----+--------+

Top non-repeatable levels by time:
   Orc:2: 2546 daAuts
  Lair:5: 2357 daAuts
    D:10: 2154 daAuts
    D:13: 2094 daAuts
    D:15: 1849 daAuts
   Orc:1: 1740 daAuts
  Lair:3: 1704 daAuts
     D:9: 1494 daAuts
     D:6: 1398 daAuts
    D:14: 1375 daAuts
     D:5: 1328 daAuts
     D:8: 1314 daAuts
    D:11: 1269 daAuts
  Lair:4: 1230 daAuts
  Bailey: 1171 daAuts
